[Event "CAN-op"]
[Site "Ottawa CAN"]
[Date "2026.07.15"]
[Round "7.4"]
[White "Jaferian, Koosha"]
[Black "Chiku-Ratte, Olivier-Kenta"]
[Result "1-0"]
[ECO "B06"]
[WhiteElo "2249"]
[BlackElo "2354"]
[WhiteFideId "-1"]
[BlackFideId "-1"]
[PlyCount "93"]
[GameId "2332995607314156"]
[EventDate "2026.07.11"]
[EventType "swiss"]
[EventRounds "9"]
[EventCountry "CAN"]
[TimeControl "5400+30"]
[WhiteClock "0:29:19"]
[BlackClock "0:00:32"]

1. e4 c5 2. Nf3 g6 3. c3 d5 4. exd5 Qxd5 5. d4 Bg7 6. Nbd2 cxd4 7. Bc4 Qd8 8. Nxd4 Nf6 9. N2f3 O-O 10. O-O a6 11. Qe2 b5 12. Bb3 Qc7 13. Re1 e6 14. a4 bxa4 15. Rxa4 Bd7 16. Ra1 Nc6 17. Rxa6 Nxd4 18. Nxd4 Rxa6 19. Qxa6 Ng4 20. Nf3 Qc5 21. Qe2 Bb5 22. Qd2 Bc6 23. Nd4 Bd5 24. Bxd5 Qxd5 25. Nf3 Qb3 26. h3 Nf6 27. Qd1 Qa2 28. Re2 Nd5 29. Qc2 Rc8 30. Ne1 Nb4 31. Qe4 Nd5 32. Nd3 Qb1 33. Re1 Qa2 34. Bg5 Qa7 35. c4 Nf6 36. Bxf6 Bxf6 37. b4 Kg7 38. c5 Qa6 39. Ne5 Qa3 40. Nxf7 Rb8 41. Qxe6 Qxb4 42. Nd6 Bc3 43. Qf7+ Kh6 44. Re4 Qb1+ 45. Kh2 Rb4 46. Qf4+ g5 47. Re6+ 1-0

[Event "CAN-op"]
[Site "Ottawa CAN"]
[Date "2026.07.15"]
[Round "7.5"]
[White "Sambuev, Bator"]
[Black "Noritsyn, Nikolay"]
[Result "0-1"]
[ECO "A47"]
[WhiteElo "2420"]
[BlackElo "2458"]
[WhiteFideId "-1"]
[BlackFideId "-1"]
[PlyCount "80"]
[GameId "2332995607322349"]
[EventDate "2026.07.11"]
[EventType "swiss"]
[EventRounds "9"]
[EventCountry "CAN"]
[TimeControl "5400+30"]
[WhiteClock "0:02:14"]
[BlackClock "0:03:48"]

1. Nf3 Nf6 2. d4 e6 3. Bf4 b6 4. e3 Bb7 5. Bd3 Nh5 6. Bg5 Be7 7. h4 h6 8. Bxe7 Qxe7 9. c4 c5 10. Nc3 cxd4 11. Nxd4 Nf6 12. Ndb5 Na6 13. Be2 O-O 14. Nd6 Bc6 15. Qd2 Ne8 16. Ncb5 Nc5 17. Nxe8 Ne4 18. Qc2 Raxe8 19. Nxa7 Qb4+ 20. Kf1 Bb7 21. Rd1 d5 22. Bf3 f5 23. Bxe4 fxe4 24. cxd5 exd5 25. a4 Ba6+ 26. Kg1 Bd3 27. Qc6 Qxb2 28. Qxd5+ Kh8 29. Rh3 Rd8 30. Qc6 Qxf2+ 31. Kh2 Bf1 32. Rxf1 Qxf1 33. Qxe4 Rd1 34. Rf3 Rxf3 35. Qxf3 Qxf3 36. gxf3 Rd3 37. Kg3 Rxe3 38. Nb5 Rb3 39. h5 Kg8 40. Nc7 Kf7 0-1

[Event "CAN-op"]
[Site "Ottawa CAN"]
[Date "2026.07.15"]
[Round "7.8"]
[White "Willy, Stephen"]
[Black "Plotkin, Victor"]
[Result "1-0"]
[ECO "A11"]
[WhiteElo "2294"]
[BlackElo "2279"]
[WhiteFideId "-1"]
[BlackFideId "-1"]
[PlyCount "65"]
[GameId "2332995607334642"]
[EventDate "2026.07.11"]
[EventType "swiss"]
[EventRounds "9"]
[EventCountry "CAN"]
[TimeControl "5400+30"]
[WhiteClock "0:22:44"]
[BlackClock "0:21:36"]

1. Nf3 d5 2. g3 Nf6 3. Bg2 Bg4 4. c4 c6 5. Ne5 e6 6. cxd5 exd5 7. Nxg4 Nxg4 8. e4 Ne5 9. d4 Bb4+ 10. Nc3 Nc4 11. O-O Bxc3 12. bxc3 O-O 13. Qb3 Qd7 14. Rb1 b6 15. exd5 cxd5 16. Qb5 Rd8 17. Re1 h6 18. Qxd7 Nxd7 19. Bxd5 Rac8 20. Re7 Nd6 21. Bf4 Nf6 22. Bb3 Nfe4 23. c4 a5 24. Rc1 g5 25. Be3 Kf8 26. Ra7 Nf5 27. c5 Nxe3 28. fxe3 bxc5 29. Rxf7+ Ke8 30. Rcf1 Nc3 31. dxc5 Rxc5 32. Rf8+ Kd7 33. R1f7+ 1-0

[Event "CAN-op"]
[Site "Ottawa CAN"]
[Date "2026.07.16"]
[Round "8.1"]
[White "Stremavicius, Titas"]
[Black "Rodrigue-Lemieux, Shawn"]
[Result "1/2-1/2"]
[ECO "B45"]
[WhiteElo "2555"]
[BlackElo "2534"]
[WhiteFideId "-1"]
[BlackFideId "-1"]
[PlyCount "113"]
[GameId "2332995607355154"]
[EventDate "2026.07.11"]
[EventType "swiss"]
[EventRounds "9"]
[EventCountry "CAN"]
[TimeControl "5400+30"]
[WhiteClock "0:00:50"]
[BlackClock "0:03:33"]

1. e4 c5 2. Nf3 Nc6 3. d4 cxd4 4. Nxd4 e6 5. Nc3 Bc5 6. Nb3 Bb4 7. Qg4 Nf6 8. Qxg7 Rg8 9. Qh6 Rg6 10. Qh4 Rg4 11. Qh3 d5 12. Be2 Rg6 13. O-O e5 14. Qh4 Bxc3 15. bxc3 Nxe4 16. Qxd8+ Nxd8 17. Bh5 Rg8 18. Re1 Nc6 19. c4 dxc4 20. Rxe4 cxb3 21. axb3 Be6 22. Be3 Bd5 23. Rg4 Rxg4 24. Bxg4 Be4 25. c3 Rd8 26. b4 a6 27. Rd1 Rxd1+ 28. Bxd1 f5 29. f3 Bd3 30. Bb6 Kd7 31. Ba4 Kd6 32. Kf2 f4 33. g3 fxg3+ 34. hxg3 Ne7 35. Bc5+ Ke6 36. Bb3+ Kd7 37. g4 Ng6 38. Bd5 Kc7 39. Bg8 Nf4 40. Bf8 b6 41. Ke3 Bg6 42. c4 a5 43. Bg7 Nd3 44. bxa5 bxa5 45. Bd5 Kd6 46. Bf8+ Kd7 47. c5 Nb4 48. Bb3 Kc6 49. Ba4+ Kd5 50. Bb3+ Kc6 51. Ba4+ Kd5 52. c6 Na6 53. Ba3 Nc7 54. Bb2 Kd6 55. Ba3+ Kd5 56. Bb2 Kd6 57. Ba3+ 1/2-1/2

[Event "CAN-op"]
[Site "Ottawa CAN"]
[Date "2026.07.16"]
[Round "8.3"]
[White "Noritsyn, Nikolay"]
[Black "Stefansson, Vignir Vatnar"]
[Result "1/2-1/2"]
[ECO "B60"]
[WhiteElo "2458"]
[BlackElo "2540"]
[WhiteFideId "-1"]
[BlackFideId "-1"]
[PlyCount "93"]
[GameId "2332995607359253"]
[EventDate "2026.07.11"]
[EventType "swiss"]
[EventRounds "9"]
[EventCountry "CAN"]
[TimeControl "5400+30"]
[WhiteClock "0:00:37"]
[BlackClock "0:05:50"]

1. e4 c5 2. Nf3 d6 3. d4 cxd4 4. Nxd4 Nf6 5. Nc3 Nc6 6. Bg5 Bd7 7. Bb5 Rc8 8. Bxc6 Bxc6 9. Qd3 Qa5 10. Bxf6 gxf6 11. O-O-O e6 12. f4 Bd7 13. Kb1 a6 14. Rhe1 Be7 15. Re3 Kd8 16. e5 fxe5 17. fxe5 d5 18. Rf3 Be8 19. Qf1 Qb6 20. Nce2 Rc7 21. Qf2 Rg8 22. Rxf7 Kc8 23. Rf3 Bg6 24. Nf4 Be4 25. Rb3 Rxc2 26. Qxc2+ Bxc2+ 27. Kxc2 Qa7 28. Kb1 Bc5 29. Rc1 b6 30. Ndxe6 Re8 31. Rbc3 Kb8 32. Nxc5 bxc5 33. Rxc5 Qf7 34. g3 Rxe5 35. a3 Qf5+ 36. Ka1 d4 37. R5c4 Re4 38. Nd3 Re3 39. Nb4 d3 40. Rd4 Kb7 41. Nd5 Rf3 42. Rb4+ Ka8 43. Nb6+ Ka7 44. Nc8+ Ka8 45. Nb6+ Ka7 46. Nc8+ Ka8 47. Nb6+ 1/2-1/2

[Event "CAN-op"]
[Site "Ottawa CAN"]
[Date "2026.07.16"]
[Round "8.5"]
[White "Golubka, Petro"]
[Black "Willy, Stephen"]
[Result "1-0"]
[ECO "B07"]
[WhiteElo "2355"]
[BlackElo "2294"]
[WhiteFideId "-1"]
[BlackFideId "-1"]
[PlyCount "57"]
[GameId "2332995607363352"]
[EventDate "2026.07.11"]
[EventType "swiss"]
[EventRounds "9"]
[EventCountry "CAN"]
[TimeControl "5400+30"]
[WhiteClock "0:39:08"]
[BlackClock "0:35:35"]

1. d4 g6 2. e4 Bg7 3. c3 d6 4. Nf3 Nf6 5. Bd3 O-O 6. O-O Nbd7 7. Nbd2 e5 8. Re1 Re8 9. d5 c6 10. c4 Nc5 11. Bf1 a5 12. Rb1 Bd7 13. b3 cxd5 14. cxd5 b5 15. a3 b4 16. a4 Rf8 17. Rb2 h6 18. Rc2 Ne8 19. Rxc5 dxc5 20. Nc4 Bg4 21. h3 Bxf3 22. Qxf3 Nd6 23. Be3 Rc8 24. Nxd6 Qxd6 25. Bd3 Kh7 26. Rc1 Bf6 27. Bb5 c4 28. bxc4 b3 29. Rb1 1-0

[Event "CAN-op"]
[Site "Ottawa CAN"]
[Date "2026.07.16"]
[Round "8.6"]
[White "Cummings, David"]
[Black "Marchand, Calix"]
[Result "1/2-1/2"]
[ECO "D02"]
[WhiteElo "2233"]
[BlackElo "2181"]
[WhiteFideId "-1"]
[BlackFideId "-1"]
[PlyCount "130"]
[GameId "2332995607367449"]
[EventDate "2026.07.11"]
[EventType "swiss"]
[EventRounds "9"]
[EventCountry "CAN"]
[TimeControl "5400+30"]
[WhiteClock "0:01:49"]
[BlackClock "0:01:00"]

1. Nf3 Nf6 2. c4 e6 3. g3 d5 4. Bg2 Bd6 5. O-O O-O 6. d4 Nc6 7. b3 a5 8. Nc3 b6 9. Bb2 Bb7 10. Rc1 Ne4 11. e3 f5 12. Nb5 Be7 13. Ne1 a4 14. Nd3 a3 15. Ba1 Qd7 16. f3 Nd6 17. Nxd6 Bxd6 18. c5 Be7 19. Rf2 Ba6 20. Bf1 Bxd3 21. Bxd3 bxc5 22. Bb5 Rfb8 23. Bxc6 Qxc6 24. dxc5 Rb5 25. Rfc2 Bf6 26. Bxf6 gxf6 27. Qd4 Kg7 28. Rg2 e5 29. Qd3 Rxc5 30. Rxc5 Qxc5 31. Rc2 Qd6 32. Qxf5 c5 33. g4 Kh8 34. Kg2 Rd8 35. h4 d4 36. exd4 cxd4 37. Qe4 Qd7 38. Kf2 Qd6 39. Qc6 Qe7 40. Qc7 Rd7 41. Qc5 Qf7 42. Qc4 Qe7 43. Qc5 Qe8 44. Qc8 Rd8 45. Qf5 Qe7 46. Qe4 d3 47. Rd2 Qc5+ 48. Kg2 Qc3 49. Qe3 Kg8 50. h5 Qc6 51. Kg3 Qd5 52. Qe4 Qd6 53. h6 Qd7 54. b4 Qa7 55. Qc4+ Kf8 56. Qc5+ Qxc5 57. bxc5 Kf7 58. Kf2 Kg6 59. Ke3 Rc8 60. Rxd3 Rxc5 61. Rxa3 Kxh6 62. Ra7 Kg6 63. a4 h5 64. gxh5+ Kxh5 65. f4 exf4+ 1/2-1/2

[Event "CAN-op"]
[Site "Ottawa CAN"]
[Date "2026.07.16"]
[Round "8.7"]
[White "Yang, Jingyun (Ryan)"]
[Black "Sambuev, Bator"]
[Result "0-1"]
[ECO "C25"]
[WhiteElo "2295"]
[BlackElo "2420"]
[WhiteFideId "-1"]
[BlackFideId "-1"]
[PlyCount "96"]
[GameId "2332995607367450"]
[EventDate "2026.07.11"]
[EventType "swiss"]
[EventRounds "9"]
[EventCountry "CAN"]
[TimeControl "5400+30"]
[WhiteClock "0:05:58"]
[BlackClock "0:14:39"]

1. e4 e5 2. Nc3 Nc6 3. g3 Bc5 4. Bg2 a6 5. d3 d6 6. Nge2 Be6 7. Nd5 h5 8. h4 Nce7 9. d4 Ba7 10. O-O c6 11. Ne3 Nh6 12. b3 Qc7 13. c4 f6 14. d5 Bg4 15. dxc6 bxc6 16. Qd3 Rd8 17. Nxg4 Nxg4 18. Bh3 d5 19. cxd5 cxd5 20. Ba3 dxe4 21. Qxe4 f5 22. Qa4+ Qc6 23. Qxc6+ Nxc6 24. Rac1 Rh6 25. Rc2 a5 26. Kg2 Nb4 27. Rc7 Rd7 28. Rc8+ Kf7 29. Rfc1 Rhd6 30. Rh8 Nh6 31. Rcc8 Rd2 32. Rcf8+ Kg6 33. Bxf5+ Nxf5 34. g4 hxg4 35. Bc1 Ne3+ 36. Kg3 Rxe2 37. h5+ Kg5 38. h6 Re1 39. Bxe3+ Bxe3 40. fxe3 Rxe3+ 41. Kf2 Rf3+ 42. Rxf3 gxf3 43. h7 Kg6 44. a3 Nd5 45. Kxf3 Nf6 46. b4 axb4 47. axb4 Nxh7 48. Re8 Kf5 0-1

[Event "CAN-op"]
[Site "Ottawa CAN"]
[Date "2026.07.16"]
[Round "8.8"]
[White "Chiku-Ratte, Olivier-Kenta"]
[Black "Pham, Bich Ngoc"]
[Result "0-1"]
[ECO "D37"]
[WhiteElo "2354"]
[BlackElo "2203"]
[WhiteFideId "-1"]
[BlackFideId "-1"]
[PlyCount "126"]
[GameId "2332995607371547"]
[EventDate "2026.07.11"]
[EventType "swiss"]
[EventRounds "9"]
[EventCountry "CAN"]
[TimeControl "5400+30"]
[WhiteClock "0:00:33"]
[BlackClock "0:05:45"]

1. d4 d5 2. c4 e6 3. Nf3 Nf6 4. Nc3 Be7 5. Bf4 O-O 6. e3 c5 7. dxc5 Bxc5 8. a3 Nc6 9. Qc2 Re8 10. b4 Bf8 11. Bg3 e5 12. Nxd5 Nxd5 13. cxd5 Nxb4 14. axb4 Bxb4+ 15. Nd2 Qxd5 16. Qa2 Rd8 17. Qxd5 Rxd5 18. Bc4 Bxd2+ 19. Ke2 Rc5 20. Bxf7+ Kxf7 21. Kxd2 Rd5+ 22. Ke2 e4 23. Rhc1 Bg4+ 24. f3 exf3+ 25. gxf3 Be6 26. Rab1 Rd7 27. Bc7 Bd5 28. e4 Bc6 29. Ba5 Re8 30. Rc5 g6 31. h4 Bxe4 32. fxe4 b6 33. Rc4 bxa5 34. Rb5 Re6 35. Rxa5 Rb6 36. Rca4 Rbb7 37. Ke3 h6 38. Ra6 Kg7 39. Re6 Rb3+ 40. Kf4 Rf7+ 41. Ke5 Rb5+ 42. Kd4 a5 43. Ra6 Rh5 44. R4xa5 Rxh4 45. Ra7 Rh1 46. Rxf7+ Kxf7 47. Ra6 h5 48. Ke5 Kg7 49. Kf4 Rf1+ 50. Kg3 Rg1+ 51. Kf2 Rg5 52. Kf3 h4 53. Ra7+ Kh6 54. Ra8 Rg3+ 55. Kf4 g5+ 56. Ke5 Kh5 57. Kd4 h3 58. e5 Rg1 59. Rh8+ Kg4 60. e6 Re1 61. Rh6 Kg3 62. Rh5 g4 63. Kd5 h2 0-1

[Event "CAN-op"]
[Site "Ottawa CAN"]
[Date "2026.07.17"]
[Round "9.1"]
[White "Jaferian, Koosha"]
[Black "Rodrigue-Lemieux, Shawn"]
[Result "1/2-1/2"]
[ECO "B97"]
[WhiteElo "2249"]
[BlackElo "2534"]
[WhiteFideId "-1"]
[BlackFideId "-1"]
[PlyCount "39"]
[GameId "2332995607392057"]
[EventDate "2026.07.11"]
[EventType "swiss"]
[EventRounds "9"]
[EventCountry "CAN"]
[TimeControl "5400+30"]
[WhiteClock "1:28:23"]
[BlackClock "1:29:09"]

1. e4 c5 2. Nf3 d6 3. d4 cxd4 4. Nxd4 Nf6 5. Nc3 a6 6. Bg5 e6 7. f4 Qb6 8. Qd2 Qxb2 9. Rb1 Qa3 10. f5 Nc6 11. fxe6 fxe6 12. Nxc6 bxc6 13. Be2 Be7 14. O-O O-O 15. Rb3 Qc5+ 16. Be3 Qe5 17. Bf4 Qc5+ 18. Be3 Qe5 19. Bf4 Qc5+ 20. Be3 1/2-1/2

[Event "CAN-op"]
[Site "Ottawa CAN"]
[Date "2026.07.17"]
[Round "9.2"]
[White "Stremavicius, Titas"]
[Black "Preotu, Razvan"]
[Result "1-0"]
[ECO "E90"]
[WhiteElo "2555"]
[BlackElo "2482"]
[WhiteFideId "-1"]
[BlackFideId "-1"]
[PlyCount "61"]
[GameId "2332995607392058"]
[EventDate "2026.07.11"]
[EventType "swiss"]
[EventRounds "9"]
[EventCountry "CAN"]
[TimeControl "5400+30"]
[WhiteClock "0:02:55"]
[BlackClock "0:01:44"]

1. c4 Nf6 2. Nf3 g6 3. Nc3 Bg7 4. e4 d6 5. d4 O-O 6. Bd3 Bg4 7. Be2 Bxf3 8. Bxf3 Nfd7 9. h4 Nc6 10. Be3 e5 11. d5 Nd4 12. h5 c5 13. hxg6 hxg6 14. Qd2 Qa5 15. Rc1 a6 16. Bh6 b5 17. Bg4 Qd8 18. Bxg7 Kxg7 19. Qh6+ Kf6 20. Bxd7 Qxd7 21. f4 Qg4 22. fxe5+ dxe5 23. O-O+ Ke7 24. Qg7 Qg5 25. d6+ Ke6 26. Rce1 Rae8 27. Nd5 Kxd6 28. Rf6+ Ne6 29. Rd1 Rd8 30. b3 Qh4 31. Rxe6+ 1-0

[Event "CAN-op"]
[Site "Ottawa CAN"]
[Date "2026.07.17"]
[Round "9.3"]
[White "Sambuev, Bator"]
[Black "Golubka, Petro"]
[Result "1-0"]
[ECO "E51"]
[WhiteElo "2420"]
[BlackElo "2355"]
[WhiteFideId "-1"]
[BlackFideId "-1"]
[PlyCount "83"]
[GameId "2332995607396155"]
[EventDate "2026.07.11"]
[EventType "swiss"]
[EventRounds "9"]
[EventCountry "CAN"]
[TimeControl "5400+30"]
[WhiteClock "0:08:22"]
[BlackClock "0:03:59"]

1. d4 Nf6 2. c4 e6 3. Nc3 Bb4 4. e3 O-O 5. Bd3 d5 6. Nf3 dxc4 7. Bxc4 b6 8. O-O Bb7 9. Qe2 Nbd7 10. a3 Bd6 11. e4 c5 12. dxc5 bxc5 13. Bg5 Qb8 14. Rad1 Bc7 15. Kh1 h6 16. Bh4 a6 17. Rd3 Bc6 18. Ba2 Bb5 19. Nxb5 axb5 20. Bxf6 Nxf6 21. e5 Ng4 22. Re1 Ra4 23. Rd2 Rd8 24. Rxd8+ Qxd8 25. h3 Re4 26. Qf1 Rxe1 27. Qxe1 Ba5 28. b4 cxb4 29. axb4 Nxf2+ 30. Qxf2 Bxb4 31. Qb2 Qa5 32. Bb3 Bc3 33. Qa2 Qd8 34. Bc2 Qb8 35. Qa6 b4 36. Qc6 Kf8 37. Qd7 Kg8 38. Qc6 g6 39. Bxg6 fxg6 40. Qxe6+ Kh7 41. Qf7+ Kh8 42. Nh4 1-0

[Event "CAN-op"]
[Site "Ottawa CAN"]
[Date "2026.07.17"]
[Round "9.4"]
[White "Marchand, Calix"]
[Black "Noritsyn, Nikolay"]
[Result "1-0"]
[ECO "B22"]
[WhiteElo "2181"]
[BlackElo "2458"]
[WhiteFideId "-1"]
[BlackFideId "-1"]
[PlyCount "123"]
[GameId "2332995607400252"]
[EventDate "2026.07.11"]
[EventType "swiss"]
[EventRounds "9"]
[EventCountry "CAN"]
[TimeControl "5400+30"]
[WhiteClock "0:00:56"]
[BlackClock "0:05:21"]

1. e4 c5 2. c3 Nf6 3. e5 Nd5 4. Nf3 d6 5. Bc4 Nb6 6. e6 Nxc4 7. Qa4+ Nc6 8. exf7+ Kxf7 9. Qxc4+ d5 10. Qf4+ Kg8 11. d4 h6 12. O-O g5 13. Qg3 Bg7 14. dxc5 e5 15. Na3 b6 16. Be3 Ne7 17. h3 Nf5 18. Qh2 Qe8 19. cxb6 axb6 20. Rfe1 e4 21. Nd4 Be5 22. g3 Nxe3 23. Rxe3 h5 24. Qg2 g4 25. h4 Rh7 26. Qf1 Ba6 27. Qe1 Qg6 28. Nac2 Rf8 29. Rd1 Rhf7 30. Rd2 Bg7 31. Nb4 Bb7 32. Ree2 Bh6 33. Rc2 Qd6 34. a3 Rf6 35. Re3 R8f7 36. Rd2 Qc7 37. Rc2 Kh7 38. Ree2 Qc8 39. Re3 Rf3 40. Rce2 R7f6 41. Qd2 Qf8 42. Nxf3 gxf3 43. Re1 Qg8 44. Kh2 Bf4 45. Qd4 Rg6 46. Rxf3 Bd6 47. Rf5 Rxg3 48. Rxh5+ Kg6 49. fxg3 Kxh5 50. Qd1+ Kh6 51. Qd2+ Kh5 52. Qd1+ Kh6 53. Qc1+ Kh5 54. Qg5+ Qxg5 55. hxg5 Kxg5 56. Nxd5 Kg4 57. Rxe4+ Kf3 58. Re3+ Kf2 59. Rd3 Ba6 60. Rd2+ Ke1 61. Rd4 Kf2 62. Nf4 1-0

[Event "CAN-op"]
[Site "Ottawa CAN"]
[Date "2026.07.17"]
[Round "9.5"]
[White "Samsonkin, Artiom"]
[Black "Cummings, David"]
[Result "1-0"]
[ECO "C43"]
[WhiteElo "2361"]
[BlackElo "2233"]
[WhiteFideId "-1"]
[BlackFideId "-1"]
[PlyCount "111"]
[GameId "2332995607404349"]
[EventDate "2026.07.11"]
[EventType "swiss"]
[EventRounds "9"]
[EventCountry "CAN"]
[TimeControl "5400+30"]
[WhiteClock "0:01:47"]
[BlackClock "0:01:08"]

1. e4 e5 2. Nf3 Nf6 3. d4 Nxe4 4. Bd3 d5 5. dxe5 Nc5 6. Be2 Ne6 7. O-O Be7 8. Re1 O-O 9. Nbd2 c5 10. Nf1 Nc6 11. Ng3 b6 12. Nf5 Bb7 13. c3 d4 14. Bd3 Re8 15. Qe2 dxc3 16. bxc3 Na5 17. Bb5 Bc6 18. Bxc6 Nxc6 19. Qe4 Qc7 20. Ne3 Rad8 21. Nd5 Qc8 22. Be3 c4 23. Qxc4 Ncd4 24. Qxc8 Nxf3+ 25. gxf3 Rxc8 26. a4 Bc5 27. f4 Bxe3 28. fxe3 Rc4 29. Red1 Kf8 30. a5 b5 31. Kf2 Rd8 32. Rab1 Ra4 33. Rxb5 Nc7 34. Rc5 Ne6 35. Rc6 Rxa5 36. c4 Rc5 37. Rxc5 Nxc5 38. Ra1 a6 39. Ra5 Rc8 40. Kf3 g6 41. Nf6 Kg7 42. Ke2 Rc6 43. h4 h5 44. Kd1 Nb7 45. Ra4 a5 46. Kc2 Kf8 47. Kc3 Ke7 48. Ra2 Ke6 49. e4 Rb6 50. Ra1 Ra6 51. Rb1 Nc5 52. Rb5 Nd7 53. f5+ gxf5 54. exf5+ Kxf5 55. Nxd7 Kg4 56. c5 1-0

[Event "CAN-op"]
[Site "Ottawa CAN"]
[Date "2026.07.17"]
[Round "9.7"]
[White "Stefansson, Vignir Vatnar"]
[Black "Nasuta, Grzegarz"]
[Result "1/2-1/2"]
[ECO "E01"]
[WhiteElo "2540"]
[BlackElo "2495"]
[WhiteFideId "-1"]
[BlackFideId "-1"]
[PlyCount "50"]
[GameId "2332995607408448"]
[EventDate "2026.07.11"]
[EventType "swiss"]
[EventRounds "9"]
[EventCountry "CAN"]
[TimeControl "5400+30"]
[WhiteClock "0:41:23"]
[BlackClock "0:15:03"]

1. Nf3 Nf6 2. c4 c5 3. d4 cxd4 4. Nxd4 e6 5. g3 d5 6. Bg2 e5 7. Nf3 d4 8. O-O Nc6 9. e3 Be7 10. exd4 exd4 11. b4 Bxb4 12. Nxd4 O-O 13. Nxc6 Qxd1 14. Rxd1 bxc6 15. Ba3 Rb8 16. Bxc6 Be6 17. Rd4 Rfc8 18. Bb5 Ba5 19. Bd6 Rxb5 20. cxb5 Rc1+ 21. Kg2 Bb6 22. Rd3 Bd5+ 23. Kh3 Be6+ 24. Kg2 Bd5+ 25. Kh3 Be6+ 1/2-1/2